 Dungeon Crawl Stone Soup version 0.31-a0-1154-gadca813884 (webtiles) character file.

Game seed: 12799883312152279381

38 Crownlay the Sneak (level 3, -2/24 HPs)
             Began as a Vampire Summoner on Dec 7, 2023.
             Slain by Terence
             ... wielding a +0 short sword of protection
              (7 damage)
             ... on level 2 of the Dungeon.
             The game lasted 00:02:39 (1810 turns).

Crownlay the Sneak (Vampire Summoner)               Turns: 1810, Time: 00:02:39

Health: -2/24      AC:  2    Str:  7    XL:     3   Next: 25%
Magic:  2/6        EV: 12    Int: 19    God:
Gold:   78         SH:  0    Dex: 14    Spells: 5/7 levels left

rFire   . . .        c - +0 club
rCold   . . .        (no shield)
rNeg    . . .        a - +0 robe
rPois   .            (no helmet)
rElec   .            (no cloak)
rCorr   .            (no gloves)
SInv    +            (no boots)
Will    .....        (no amulet)
Stlth   +++          (no ring)
HPRegen 0.44/turn    (no ring)
MPRegen 0.10/turn

%: no passive effects
@: healing quickly
A: alive, fangs 3, see invisible, vampiric 2
a: Exsanguinate


You were on level 2 of the Dungeon.
You visited 1 branch of the dungeon, and saw 2 of its levels.

You collected 78 gold pieces.

Inventory:

Hand Weapons
 c - a +0 club (weapon)
Armour
 a - a +0 robe (worn)
Jewellery
 f - a ring of ice
 h - a ring of poison resistance
 m - a ring of ice
Wands
 k - a wand of mindburst (16)
Scrolls
 e - 3 scrolls of identify {unknown}
 g - 2 scrolls of immolation {unknown}
 j - a scroll of noise {unknown}
 l - a scroll of revelation {unknown}
 n - a scroll of fog {unknown}
Potions
 b - a potion of magic
 d - 2 potions of curing {unknown}
 i - a potion of heal wounds {unknown}


   Skills:
 - Level 2.1 Dodging
 + Level 4.4 Stealth
 + Level 2.6 Spellcasting
 - Level 4.0 Summonings
 + Level 1.2 Necromancy


You had 5 spell levels left.
You knew the following spells:

 Your Spells              Type           Power      Damage    Failure   Level
a - Summon Small Mammal   Summ           68%        N/A       3%          1
b - Necrotise             Necr           28%        1d5       10%         1

Your spell library contained the following spells:

 Spells                   Type           Power      Damage    Failure   Level
 Call Imp                 Summ           34%        N/A       4%          2
 Call Canine Familiar     Summ           17%        N/A       10%         3
 Apportation              Tloc           4%         N/A       16%         1
 Sandblast                Erth           4%         2d4       16%         1
 Summon Guardian Golem    Hex/Summ       10%        N/A       22%         3
 Passwall                 Tmut/Erth      1%         N/A       24%         2
 Stone Arrow              Conj/Erth      4%         3d7       43%         3
 Summon Lightning Spire   Summ/Air       10%        N/A       56%         4
 Brom's Barrelling Bould  Conj/Erth      2%         2d3       85%         4


Dungeon Overview and Level Annotations

Branches:
Dungeon (2/15)

Altars:

Annotations:
D:2 Terence


Innate Abilities, Weirdness & Mutations

Your natural rate of healing is accelerated.
You have razor-sharp teeth.
You have supernaturally acute eyesight. (SInv)
You are afflicted with vampirism and can become a bat while bloodless.


Message History

Terence is lightly wounded.
Terence closely misses you.
Your quokka bites Terence but does no damage.
Terence completely misses you.
Your quokka barely misses Terence.
You hit Terence but do no damage. You bite Terence, but do no damage.
Terence is lightly wounded.
Your quokka bites Terence.
Terence hits you with a +0 short sword of protection.
You barely miss Terence.
Terence is lightly wounded.
Your quokka bites Terence.
Terence barely misses you.
Your quokka closely misses Terence.
You barely miss Terence.
Terence is lightly wounded.
Terence barely misses you.
Your quokka barely misses Terence.
Terence closely misses you.
You hit Terence but do no damage.
Terence is lightly wounded.
Your quokka bites Terence but does no damage.
Terence hits you with a +0 short sword of protection!
* * * LOW HITPOINT WARNING * * *
Your quokka barely misses Terence.
Casting: Summon Small Mammal (safe; 3% risk of failure)
Confirm with . or Enter, or press ? or * to list all spells.
Your quokka barely misses Terence.
Terence completely misses you.
Your quokka barely misses Terence.
You swap places.
Your quokka closely misses Terence.
Your quokka bites Terence but does no damage.
Terence hits your quokka with a +0 short sword of protection.
Your quokka dies!
Your quokka's corpse disappears in a puff of smoke!
Your quokka bites Terence but does no damage.
Terence hits you but does no damage.
Your quokka bites Terence but does no damage.
You barely miss Terence.
Terence is lightly wounded.
Your quokka bites Terence but does no damage.
Terence hits you with a +0 short sword of protection!
You die...
Terence says, "That felt goooood."

.............#
####.#######.#
#.# #.#
#.#######.#####
##.##..........#
#...#.####.###.#
#.#.#..# #.# #.#
....>.>.# #.#
#.# ##.#.#.##
#.###@# ##...##
#<..r@# ##.#
#####.# #.# #.#
#.# #.# #.# #.#
# #.# ## #.#


You could see Terence (ally target) and a friendly quokka (summoned).

Vanquished Creatures
  An adder (D:2)
  2 dart slugs
  2 bats
  3 endoplasms
  A giant cockroach (D:2)
  2 goblins (D:2)
  2 hobgoblins
  A quokka (D:1)
  2 ball pythons
  A frilled lizard (D:1)
  2 kobolds
  3 rats
22 creatures vanquished.

Vanquished Creatures (collateral kills)
  A hobgoblin (D:1)
  A frilled lizard (D:1)
2 creatures vanquished.

Grand Total: 24 creatures vanquished

Notes
Turn   | Place    | Note
-------+----------+-------------------------------------------
     0 | D:1      | Crownlay the Vampire Summoner began the quest for the Orb.
     0 | D:1      | Reached XP level 1. HP: 13/13 MP: 3/3
   314 | D:1      | Learned a level 1 spell: Necrotise
   368 | D:1      | Reached XP level 2. HP: 19/19 MP: 3/5
  1306 | D:2      | Reached skill level 1 in Necromancy
  1564 | D:2      | Gained mutation: You are afflicted with vampirism and can
                  | become a bat while bloodless. [Vampire growth]
  1564 | D:2      | Reached XP level 3. HP: 17/24 MP: 3/6
  1771 | D:2      | Noticed Terence
  1810 | D:2      | Slain by Terence

Illustrated notes

Levels and vault maps discovered:
D:1:      nicolae_arrival_memento_mori, layout_loops_ring
D:2:      layout_loops_ring, uniq_terence

Skill      XL: |  1  2 |
---------------+-------+-----
Stealth        | 4 |  4.4
Necromancy     | 1 |  1.2
Dodging        | |  2.1
Spellcasting   | |  2.6
Summonings     | |  4.0

Action                     || total
---------------------------++-------
  Melee: Club              ||    43
         Unarmed           ||     6
         Bite              ||     8
   Cast: Summon Small Mamm ||    14
         Necrotise         ||    40
   Stab: Distracted        ||     1
 Armour: Robe              ||    31
  Dodge: Dodged            ||    42

Table legend: (Time is in decaauts)
 A = Elapsed time spent in this place.
 B = Non-inter-level travel time spent in this place.
 C = Inter-level travel time spent in this place.
 D = Time resting spent in this place.
 E = Time spent auto-exploring this place.
 F = Levels seen in this place.
 G = Mean time per level.
                   A        B        C        D        E       F      G
               +--------+--------+--------+--------+--------+-----+--------+
         Total |   1821 |   1754 |     67 |      0 |   1511 |   2 |  910.5 |
       Dungeon |   1821 |   1754 |     67 |      0 |   1511 |   2 |  910.5 |
               +--------+--------+--------+--------+--------+-----+--------+

Top non-repeatable levels by time:
     D:2: 915 daAuts
     D:1: 906 daAuts
